 Dungeon Crawl Stone Soup version 0.27.0-66-gdc8fb28755 (webtiles) character file.

Game seed: 3610642581331041591

69 funkygono the Firebug (level 4, -1/24 HPs)
             Began as a Gargoyle Fire Elementalist on Aug 21, 2021.
             Was an Initiate of Ru.
             Slain by a goblin (2 damage)
             ... on level 2 of the Dungeon.
             The game lasted 00:04:31 (2836 turns).

funkygono the Firebug (Gargoyle Fire Elementalist)  Turns: 2836, Time: 00:04:31

Health: -1/24      AC:  6    Str: 12    XL:     4   Next: 20%
Magic:  8/8        EV: 12    Int: 16    God:    Ru [......]
Gold:   107        SH:  0    Dex: 10    Spells: 0/8 levels left

rFire    . . .     SeeInvis +   b - +0 whip
rCold    . . .     Faith    .   (no shield)
rNeg     + . .     Spirit   .   a - +0 robe
rPois    ∞         Reflect  .   (no helmet)
rElec    +         Harm     .   (no cloak)
rCorr    .         Rampage  .   d - +0 pair of gloves
Will     .....                  (no boots)
Stlth    ++........             (no amulet)
HPRegen  0.08/turn              c - ring of see invisible
MPRegen  0.11/turn              (no ring)

@: no status effects
A: sickness immunity, AC +3, negative energy resistance 1, electricity
resistance, torment resistance 1, petrification resistance
a: Renounce Religion


You were on level 2 of the Dungeon.
You worshipped Ru.
Ru was noncommittal.
You visited 1 branch of the dungeon, and saw 3 of its levels.

You collected 107 gold pieces.

Inventory:

Hand Weapons
 b - a +0 whip (weapon)
Missiles
 h - 15 stones
Armour
 a - a +0 robe (worn)
 d - a +0 pair of gloves (worn)
 i - a +0 buckler
Jewellery
 c - a ring of see invisible (left hand)
Scrolls
 g - 2 scrolls of fog


   Skills:
 + Level 0.5 Maces & Flails
 + Level 1.6 Dodging
 - Level 2.1 Stealth
 * Level 2.7 Spellcasting
 * Level 1.5 Conjurations
 * Level 4.1 Fire Magic


You couldn't memorise any spells.
You knew the following spells:

 Your Spells              Type           Power      Damage    Failure   Level
a - Foxfire               Conj/Fire      44%        2x1d6     6%          1
b - Conjure Flame         Conj/Fire      11%        6-21      19%         3
c - Sticky Flame          Conj/Fire      11%        2d3       52%         4

Your spell library contained the following spells:

 Spells                   Type           Power      Damage    Failure   Level
 Corona                   Hex            2%         N/A       19%         1
 Inner Flame              Hex/Fire       8%         N/A       26%         3
 Ensorcelled Hibernation  Hex/Ice        4%         N/A       28%         2
 Tukima's Dance           Hex            2%         N/A       50%         3
 Fireball                 Conj/Fire      5%         3d5       86%         5


Dungeon Overview and Level Annotations

Branches:
Dungeon (3/15)

Altars:
Kikubaaqudgha
Ru


Innate Abilities, Weirdness & Mutations

You are immune to sickness and miasma.
Your stone body is resilient. (AC +3)
You are immune to poison.
You resist negative energy. (rN+)
You are resistant to electric shocks. (rElec)
You are resistant to unholy torment.
You are immune to petrification.


Message History

The adder barely misses you. The adder closely misses you.
The adder closely misses you. The adder bites you but does no damage.
The adder bites you. The adder closely misses you. The adder bites you.
The adder barely misses you. The adder bites you but does no damage.
The adder bites you but does no damage. The adder closely misses you.
You see here an adder corpse.
The adder closely misses you. The adder barely misses you.
The adder bites you but does no damage. The adder closely misses you.
The adder bites you. The adder bites you.
There is a sacrificial altar of Ru here.
The wyvern skeleton closely misses you. Why would you want to do that?
The wyvern skeleton barely misses you. The adder bites you.
A goblin comes into view. It is wielding a +0 club.
The adder barely misses you. The wyvern skeleton closely misses you.
The goblin shouts!
You barely miss the goblin. The goblin closely misses you.
Unknown command.
The goblin barely misses you. The goblin hits you with a +0 club.
The adder misses you. The goblin barely misses you.
The adder barely misses you.
There is a stone staircase leading up here.
The goblin hits you with a +0 club. The adder misses you.
The wyvern skeleton bites you!
* * * LOW HITPOINT WARNING * * *
You climb upwards.
There is a stone staircase leading down here.
You hit the adder but do no damage. The adder closely misses you.
The goblin hits you with a +0 club.
You die...

#.###'##### ####.# #.#
.....# #.#################
.....# #.................#
#.#.####################.#
..#..............# #.#
################.# #.# ..#
#g# #.# #.# #@# #.# #.#
####S## #.# #.# #.....# #.#
#.# ##.....######.# #.#
#..._.........#
#.##########.......########
..........................#
#.############..#########.#
#.#.......................#


You could see an adder and a goblin.

Vanquished Creatures
  An adder (D:3)
  2 worms (D:2)
  5 ball pythons
  2 bats (D:1)
  4 endoplasms
  A giant cockroach (D:1)
  6 goblins
  4 hobgoblins
  7 jackals
  7 kobolds (D:1)
  2 quokkas (D:1)
  A frilled lizard (D:1)
  7 rats
49 creatures vanquished.

Vanquished Creatures (others)
  128 foxfires
128 creatures vanquished.

Grand Total: 177 creatures vanquished

Notes
Turn   | Place    | Note
-------+----------+-------------------------------------------
     0 | D:1      | funkygono the Gargoyle Fire Elementalist began the quest
                  | for the Orb.
     0 | D:1      | Reached XP level 1. HP: 10/10 MP: 3/3
   142 | D:1      | Reached XP level 2. HP: 6/15 MP: 1/5
   800 | D:1      | Reached XP level 3. HP: 19/19 MP: 3/6
  1475 | D:1      | Learned a level 3 spell: Conjure Flame
  1824 | D:2      | Reached skill level 4 in Fire Magic
  2264 | D:2      | Reached XP level 4. HP: 24/24 MP: 4/8
  2269 | D:2      | Learned a level 4 spell: Sticky Flame
  2482 | D:2      | Found an ancient bone altar of Kikubaaqudgha.
  2643 | D:3      | Found a sacrificial altar of Ru.
  2655 | D:3      | Became a worshipper of Ru the Awakened
  2834 | D:3      | HP: 1/24 [wyvern skeleton (8)]
  2836 | D:2      | Slain by a goblin

Illustrated notes

Levels and vault maps discovered:
D:1:      psy_arrival_basics, layout_loops_ring, minmay_ruptured
D:2:      layout_basic, basic_altar
D:3:      layout_rooms, mainiacjoe_overflow_paths, ebering_ghost_sewer_f,
          hangedman_decor_lopped

Skill      XL: |  1  2  3 |
---------------+----------+-----
Fire Magic     | 4 |  4.1
Maces & Flails | |  0.5
Dodging        | |  1.6
Stealth        | |  2.1
Spellcasting   | |  2.7
Conjurations   | |  1.5

Action                   |  1- 3 |  4- 6 || total
-------------------------+-------+-------++-------
Melee: Whip              |    32 |     2 ||    34
       Unarmed           |     3 |       ||     3
 Cast: Foxfire           |    69 |     9 ||    78
  Use: Scroll            |       |     2 ||     2
Armor: Robe              |     9 |     4 ||    13
Dodge: Dodged            |    29 |    21 ||    50
